 Dungeon Crawl Stone Soup version 0.21.1-1-g345015f (webtiles) character file.

1305 prawnwizard the Insei (level 8, -2/48 HPs)
             Began as an Octopode Transmuter on July 22, 2018.
             Was an Initiate of Okawaru.
             Killed by nerve-wracking pain
             ... invoked by Menkaure
              (9 damage)
             ... on level 6 of the Dungeon.
             The game lasted 00:11:00 (8726 turns).

prawnwizard the Insei (Octopode Transmuter)         Turns: 8726, Time: 00:11:00

Health: -2/48      AC:  2    Str: 10    XL:     8   Next: 57%
Magic:  12/14      EV: 24    Int: 15    God:    Okawaru [......]
Gold:   252        SH:  0    Dex: 19    Spells: 6/16 levels left

rFire    . . .     SeeInvis .     - Unarmed
rCold    . . .     Gourm    .   (shield currently unavailable)
rNeg     . . .     Faith    .   (helmet currently unavailable)
rPois    x         Spirit   .   (no amulet)
rElec    .         Reflect  .   (no ring)
rCorr    .         Harm     .   (no ring)
MR       .....                  (no ring)
Stlth    ++........             (no ring)
HPRegen  0.16/turn              (no ring)
MPRegen  0.14/turn              (no ring)
                                (no ring)
                                (no ring)

@: spider-form (expiring)
A: tiny, almost no armour, stealthy swim, (amphibious), 8 rings, (constrict 8)
a: End Transformation, Renounce Religion


You were on level 6 of the Dungeon.
You worshipped Okawaru.
Okawaru was noncommittal.
You were not hungry.
You were a venomous arachnid creature.
You visited 2 branches of the dungeon, and saw 7 of its levels.

You collected 252 gold pieces.

Inventory:

Missiles
 a - 130 arrows
Armour
 t - a +0 buckler
Magical Staves
 s - an uncursed staff of death
Jewellery
 C - an uncursed ring of stealth {unknown}
Wands
 k - a wand of random effects (61)
 r - a wand of enslavement (14)
 u - a wand of disintegration (15)
 v - a wand of polymorph (18)
 w - a wand of flame (29)
Scrolls
 d - a scroll of noise {unknown}
 e - 4 scrolls of remove curse {unknown}
 f - 4 scrolls of amnesia {unknown}
 g - a scroll of random uselessness {unknown}
 h - a scroll of blinking {unknown}
 i - 2 scrolls of fear {unknown}
 j - 2 scrolls of teleportation {unknown}
 l - 6 scrolls of identify {unknown}
 p - a scroll of magic mapping {unknown}
 x - a scroll of vulnerability {unknown}
 E - a scroll of immolation {unknown}
Potions
 m - 4 potions of flight {unknown}
 n - a potion of brilliance {unknown}
 o - a potion of heal wounds {unknown}
 q - 2 potions of resistance {unknown}
 z - a potion of agility {unknown}
 A - 2 potions of curing {unknown}
 B - a potion of ambrosia {unknown}
 D - a potion of mutation {unknown}
Books
 b - a book of Changes

   Spells                             Type                      Level
   a - Beastly Appendage              Transmutation                1
   b - Sticks to Snakes               Transmutation                2
   c - Spider Form                    Transmutation/Poison         3
   d - Ice Form                       Ice/Transmutation            4
   e - Blade Hands                    Transmutation                5
 y - Sif Muna's Tome of Weightlessness and Evil Secrets
   (You found it on level 5 of the Dungeon)

   Spells                             Type                      Level
   a - Animate Skeleton               Necromancy                   1
   b - Airstrike                      Air                          4
   c - Lightning Bolt                 Conjuration/Air              5
   d - Dispel Undead                  Necromancy                   5
Comestibles
 c - 11 rations


   Skills:
 - Level 1.0 Fighting
 + Level 4.8 Dodging
 * Level 7.1 Unarmed Combat
 + Level 4.5 Spellcasting
 + Level 4.9 Transmutations


You had 6 spell levels left.
You knew the following spells:

 Your Spells              Type           Power        Failure   Level  Hunger
a - Beastly Appendage     Tmut           ###...       9%          1    None
b - Sticks to Snakes      Tmut           ###.....     12%         2    ##.....
c - Spider Form           Tmut/Pois      ##........   38%         3    ###....
d - Ice Form              Ice/Tmut       ##......     73%         4    ####...


Dungeon Overview and Level Annotations

Branches:
Dungeon (6/15)             Temple (1/1) D:5

Altars:
Ashenzari
Dithmenos
Hepliaklqana
Kikubaaqudgha
Nemelex Xobeh
Okawaru
Qazlal
Ru
Sif Muna
Uskayaw
Yredelemnul

Annotations:
D:6 Menkaure


Innate Abilities, Weirdness & Mutations

You cannot wear most types of armour.
You are very stealthy in the water. (Stealth+)
((You are amphibious.))
You can wear up to eight rings at the same time.
((You can use your tentacles to constrict eight enemies at once.))
((Your skin changes colour to match your surroundings (Stealth+).))
((Your rubbery body absorbs attacks. (AC +1, EV +1)))


Message History

You barely miss Menkaure.
Menkaure calls on the powers of darkness!
Your body is wracked with pain!
* * * LOW HITPOINT WARNING * * *
You bite Menkaure!
Menkaure is moderately damaged.
Menkaure gestures at you while chanting.
Pain shoots through your body!
* * * LOW HITPOINT WARNING * * *
You bite Menkaure!
Menkaure is severely damaged.
You hit Menkaure.
Menkaure is severely damaged.
Menkaure completely misses you.
You hit Menkaure.
Menkaure is severely damaged.
Your transformation is almost over.
Menkaure points at you and mumbles some strange words.
Pain shoots through your body!
You die...

#.# #.# #.# #.# #..
#.# .. #.# #.# ). #.#
# J. ..##### # #.
#.....# # #. #M....#
# #. #s....# #
#.##.....### #
#####........... #
#####...####.....###
#
#.......####.......+
#
+...............##.#
#####.......####.##.#
# .......##...# #.#
.# ######.##...# #.#
.#


You could see Menkaure.

Vanquished Creatures
  Grinder (D:3)
  Edmund (D:6)
  A black bear (D:6)
  An ogre (D:4)
  Blork the orc (D:5)
  A scorpion (D:4)
  A howler monkey (D:5)
  A crimson imp (D:6)
  2 hounds
  2 iguanas
  3 orc wizards (D:4)
  6 worker ants
  Natasha (thrice) (D:4)
  A hound skeleton (D:6)
  Robin (D:2)
  7 adders
  A shadow imp (D:5)
  3 oozes
  An adder skeleton (D:5)
  2 worms
  4 dart slugs
  5 leopard geckos
  14 orcs
  6 bats
  3 giant cockroaches
  12 goblins
  8 hobgoblins
  3 jackals (D:1)
  4 quokkas
  6 frilled lizards
  A jackal skeleton (D:4)
  A jackal zombie (D:5)
  8 kobolds
  2 leopard gecko skeletons (D:5)
  8 rats
125 creatures vanquished.

Notes
Turn   | Place    | Note
-------+----------+-------------------------------------------
     0 | D:1      | prawnwizard the Octopode Transmuter began the quest for the Orb.
     0 | D:1      | Reached XP level 1. HP: 13/13 MP: 3/3
   483 | D:1      | Reached XP level 2. HP: 14/18 MP: 5/5
  1539 | D:1      | Reached XP level 3. HP: 23/23 MP: 6/6
  2239 | D:2      | Noticed Robin
  2300 | D:1      | Learned a level 2 spell: Sticks to Snakes
  2304 | D:1      | Learned a level 3 spell: Spider Form
  2477 | D:2      | Reached XP level 4. HP: 24/28 MP: 7/7
  2757 | D:2      | Killed Robin
  3675 | D:3      | Reached skill level 4 in Unarmed Combat
  4414 | D:3      | Reached XP level 5. HP: 33/33 MP: 6/9
  4626 | D:3      | Noticed Grinder
  4652 | D:3      | Killed Grinder
  4652 | D:3      | Reached skill level 5 in Unarmed Combat
  4652 | D:3      | Reached XP level 6. HP: 14/38 MP: 8/10
  4873 | D:3      | Found a deep blue altar of Sif Muna.
  4875 | D:3      | Found a sacrificial altar of Ru.
  4876 | D:3      | Found a hazy altar of Hepliaklqana.
  4877 | D:3      | Found a sparkling altar of Nemelex Xobeh.
  5404 | D:4      | Learned a level 4 spell: Ice Form
  5432 | D:4      | Reached XP level 7. HP: 32/43 MP: 10/12
  6161 | D:4      | Noticed Natasha
  6167 | D:4      | Killed Natasha
  6353 | D:4      | Reached skill level 6 in Unarmed Combat
  6903 | D:4      | Noticed Natasha
  6911 | D:4      | Killed Natasha
  7084 | D:4      | Noticed Natasha
  7091 | D:4      | Killed Natasha
  7257 | D:5      | Entered Level 5 of the Dungeon
  7349 | D:5      | Identified Sif Muna's Tome of Weightlessness and Evil Secrets
  7542 | D:5      | Reached XP level 8. HP: 48/48 MP: 14/14
  7551 | D:5      | Noticed Blork the orc
  7568 | D:5      | Killed Blork the orc
  7589 | D:5      | Found a staircase to the Ecumenical Temple.
  7612 | D:5      | Found a stormy altar of Qazlal.
  7703 | Temple   | Entered the Ecumenical Temple
  7712 | Temple   | Became a worshipper of Warmaster Okawaru
  8093 | D:6      | Found a hide-covered altar of Uskayaw.
  8095 | D:6      | Found a basalt altar of Yredelemnul.
  8246 | D:6      | Noticed Edmund
  8345 | D:6      | Killed Edmund
  8345 | D:6      | Reached skill level 7 in Unarmed Combat
  8712 | D:6      | Noticed Menkaure
  8726 | D:6      | Killed from afar by Menkaure

Skill      XL: |  1  2  3  4  5  6  7  8 |
---------------+-------------------------+-----
Unarmed Combat | 4 5 6 7 |  7.1
Transmutations | 3 4 |  4.9
Dodging        | 3 4 |  4.8
Spellcasting   | 3 4 |  4.5
Fighting       | |  1.0

Action                   |  1- 3 |  4- 6 |  7- 9 || total
-------------------------+-------+-------+-------++-------
Melee: Unarmed           |    87 |   105 |   150 ||   342
       Constrict         |    27 |    23 |    18 ||    68
       Tentacles         |    12 |    14 |    17 ||    43
       Kick              |     7 |    22 |     7 ||    36
       Punch             |       |     3 |     1 ||     4
 Cast: Beastly Appendage |    10 |    10 |     3 ||    23
       Spider Form       |       |     1 |    13 ||    14
 Stab: Sleeping          |     7 |     4 |     4 ||    15
  Eat: Chunk             |     5 |     5 |     9 ||    19
       Ration            |       |     1 |     1 ||     2
Armor: Skin              |     6 |     4 |     2 ||    12
Dodge: Dodged            |    43 |    69 |   102 ||   214
